 Dungeon Crawl Stone Soup version 0.27.1-34-g3ba077fa99 (webtiles) character file.

Game seed: 13729463468126679728

51 MisterFreud the Stinger (level 3, -5/24 (26) HPs)
             Began as a Gnoll Venom Mage on Jan 21, 2022.
             Was a Follower of Nemelex Xobeh.
             Slain by Crazy Yiuf (14 damage)
             ... on level 2 of the Dungeon.
             The game lasted 00:04:01 (2295 turns).

MisterFreud the Stinger (Gnoll Venom Mage)          Turns: 2295, Time: 00:04:02

HP:   -5/24 (26)    AC:  2    Str:  7    XL:     3   Next: 83%
MP:   9/9           EV: 17    Int: 15    God:    Nemelex Xobeh [*.....]
Gold: 154           SH:  0    Dex: 12    Spells: 11/12 levels left

rFire    . . .     SeeInvis .   c - +0 dagger
rCold    . . .     Faith    .   (no shield)
rNeg     . . .     Spirit   .   a - +0 robe
rPois    .         Reflect  .   (no helmet)
rElec    .         Harm     .   (no cloak)
rCorr    .         Rampage  .   (no gloves)
Will     .....                  (no boots)
Stlth    ++........             (no amulet)
HPRegen  0.08/turn              d - +4 ring of evasion
MPRegen  0.11/turn              (no ring)

@: drained
A: fangs 1, strong nose, distributed training
a: Renounce Religion, Draw Escape, Draw Destruction, Draw Summoning


You were on level 2 of the Dungeon.
You worshipped Nemelex Xobeh.
Nemelex Xobeh was aware of your devotion.
You visited 1 branch of the dungeon, and saw 2 of its levels.

You collected 154 gold pieces.

Inventory:

Hand Weapons
 c - a +0 dagger (weapon)
Missiles
 e - 5 poisoned darts
Armour
 a - a +0 robe (worn)
Jewellery
 d - a +4 ring of evasion (left hand)
 f - an amulet of the acrobat
Scrolls
 b - 2 scrolls of enchant weapon {unknown}
 g - 3 scrolls of identify {unknown}
 h - a scroll of immolation {unknown}
 i - 2 scrolls of teleportation {unknown}
 j - a scroll of fog {unknown}


   Skills:
 + Level 1.0 Fighting
 + Level 1.0 Short Blades
 + Level 1.0 Long Blades
 + Level 1.0 Axes
 + Level 1.0 Maces & Flails
 + Level 1.0 Polearms
 + Level 1.0 Staves
 + Level 1.0 Slings
 + Level 1.0 Bows
 + Level 1.0 Crossbows
 + Level 1.0 Throwing
 + Level 1.0 Armour
 + Level 4.6 Dodging
 + Level 4.2 Stealth
 + Level 1.0 Shields
 + Level 1.0 Unarmed Combat
 + Level 5.0 Spellcasting
 + Level 0.7 Conjurations
 + Level 0.7 Hexes
 + Level 0.7 Summonings
 + Level 0.7 Necromancy
 + Level 0.7 Translocations
 + Level 2.1 Transmutations
 + Level 0.7 Fire Magic
 + Level 0.7 Ice Magic
 + Level 0.7 Air Magic
 + Level 0.7 Earth Magic
 + Level 5.4 Poison Magic
 + Level 1.0 Invocations
 + Level 1.0 Evocations


You had 11 spell levels left.
You knew the following spells:

 Your Spells              Type           Power      Damage    Failure   Level
a - Sting                 Tmut/Pois      60%        1d6       3%          1

Your spell library contained the following spells:

 Spells                   Type           Power      Damage    Failure   Level
 Poisonous Vapours        Pois/Air       26%        N/A       7%          2
 Magic Dart               Conj           20%        1d4       12%         1
 Olgreb's Toxic Radiance  Pois           20%        N/A       17%         4
 Call Imp                 Summ           5%         N/A       19%         2
 Mephitic Cloud           Conj/Pois/Air  10%        N/A       19%         3


Dungeon Overview and Level Annotations

Branches:
Dungeon (2/15)

Altars:
Nemelex Xobeh

Annotations:
D:2 Crazy Yiuf


Innate Abilities, Weirdness & Mutations

You have very sharp teeth.
Your uncanny sense of smell can sniff out nearby items.
Your experience applies equally to all skills.


Message History

Crazy Yiuf says, "Line!
Orb arga ragdoll."
Crazy Yiuf says, "Crazy?
Crazy!?
PORCUPINE!"
Crazy Yiuf flaps his cloak.
Crazy Yiuf whimpers, "Gnoll return to song testudinal!"
Crazy Yiuf screams, "Goober!
Iron ladder meccalolo."
Crazy Yiuf screams, "Cards!"
Crazy Yiuf whimpers, "You illywillydillykilly mobile!"
Crazy Yiuf grits, "Mugger!"
Crazy Yiuf cries, "Race turtle senile!"
Crazy Yiuf laughs, "Buddy down Orb Guardian!"
Crazy Yiuf grits, "Snurf agre pontify!"
Crazy Yiuf grits, "Tosser sow turtle!"
Crazy Yiuf laughs, "Snower canine toodlewoodle!"
Crazy Yiuf yells, "Trifle!"
There is a stone staircase leading up here.
Crazy Yiuf yells, "Race eyeball poople!"
Crazy Yiuf yells, "Snurf King arm!"
You draw a card...
You have drawn Wild Magic.
Multicoloured lights dance around Crazy Yiuf.
Crazy Yiuf twists and deforms.
You feel a surge of magic.
Crazy Yiuf laughs, "Proton!
Goober return to song disdain."
Crazy Yiuf hits you with a +3 quarterstaff of chaos!
You feel your power leaking away.
You draw a card...
You have drawn Wild Magic.
Crazy Yiuf is blasted with searing flames.
You feel a surge of magic.
You feel your power returning.
Crazy Yiuf hits you with a +3 quarterstaff of chaos!
* * * LOW HITPOINT WARNING * * *
You feel drained.
* * * LOW HITPOINT WARNING * * *
Crazy Yiuf says, "Hack sallow foot!"
Crazy Yiuf whimpers, "Cake meccalolo foot!"
Crazy Yiuf grits, "Tosser!
Adder sow sow."
There is a stone staircase leading up here.
Crazy Yiuf seems to return to his normal shape.
Crazy Yiuf flaps his cloak.
Crazy Yiuf hits you with a +3 quarterstaff of chaos!
Ouch! That really hurt!
You die...
Your body disappears without a glow.

########.# ##.#
#..########.#
########.# #..#
#..# #.. .....)...#
#.## #..# ###
.#########
#.#####..###### .#
#.............# .#
#..####..####.# .#
#..# #..# #.# ##
#..# #..####.#####
#.@# #............
#.g# ##.####.####.
#..# #....#.##...
#..# ####.#.##.#.
#).########.#.##.#.
#.............##.#.
##....<..........#.
####
#########.).#####.
...# ##........


You could see Crazy Yiuf.

Vanquished Creatures
  An adder (D:2)
  A worm (D:2)
  A dart slug (D:2)
  2 ball pythons
  2 endoplasms (D:1)
  A giant cockroach (D:1)
  A goblin (D:1)
  3 hobgoblins
  2 jackals (D:1)
  3 quokkas
  7 bats
  5 frilled lizards
  5 kobolds
  4 rats
  A spectral kobold (D:1)
39 creatures vanquished.

Notes
Turn   | Place    | Note
-------+----------+-------------------------------------------
     0 | D:1      | MisterFreud the Gnoll Venom Mage began the quest for the
                  | Orb.
     0 | D:1      | Reached XP level 1. HP: 13/13 MP: 6/6
   176 | D:1      | Reached XP level 2. HP: 19/19 MP: 5/7
   787 | D:1      | Found a faded altar of an unknown god.
   967 | D:1      | Became a worshipper of Nemelex Xobeh the Trickster
   967 | D:1      | Reached * piety under Nemelex Xobeh
  1029 | D:2      | Reached XP level 3. HP: 24/25 MP: 7/9
  1061 | D:2      | Reached skill level 5 in Spellcasting
  1487 | D:2      | Found a runed translucent door.
  1488 | D:2      | Noticed Crazy Yiuf
  1537 | D:2      | Reached skill level 1 in Invocations
  2012 | D:2      | Reached skill level 1 in Fighting
  2012 | D:2      | Reached skill level 1 in Short Blades
  2012 | D:2      | Reached skill level 1 in Long Blades
  2012 | D:2      | Reached skill level 1 in Axes
  2012 | D:2      | Reached skill level 1 in Maces & Flails
  2012 | D:2      | Reached skill level 1 in Polearms
  2012 | D:2      | Reached skill level 1 in Staves
  2012 | D:2      | Reached skill level 1 in Slings
  2012 | D:2      | Reached skill level 1 in Bows
  2012 | D:2      | Reached skill level 1 in Crossbows
  2012 | D:2      | Reached skill level 1 in Throwing
  2012 | D:2      | Reached skill level 1 in Armour
  2012 | D:2      | Reached skill level 1 in Shields
  2012 | D:2      | Reached skill level 1 in Unarmed Combat
  2012 | D:2      | Reached skill level 1 in Evocations
  2013 | D:2      | Received a gift from Nemelex Xobeh
  2295 | D:2      | Slain by Crazy Yiuf

Illustrated notes

Levels and vault maps discovered:
D:1:      tarquinn_simple_flora_water_b, layout_basic,
          dreamdust_ecumenical_altar_drowned_temple
D:2:      layout_loops_ring, wander_ebering_terrifying_dragon_lair,
          uniq_crazy_yiuf_cottage

Skill      XL: |  1  2  3 |
---------------+----------+-----
Transmutations | 2 |  2.1
Spellcasting   | 5 |  5.0
Invocations    | 1 |  1.0
Fighting       | 1 |  1.0
Short Blades   | 1 |  1.0
Long Blades    | 1 |  1.0
Axes           | 1 |  1.0
Maces & Flails | 1 |  1.0
Polearms       | 1 |  1.0
Staves         | 1 |  1.0
Slings         | 1 |  1.0
Bows           | 1 |  1.0
Crossbows      | 1 |  1.0
Throwing       | 1 |  1.0
Armour         | 1 |  1.0
Shields        | 1 |  1.0
Unarmed Combat | 1 |  1.0
Evocations     | 1 |  1.0
Dodging        | |  4.6
Stealth        | |  4.2
Conjurations   | |  0.7
Hexes          | |  0.7
Summonings     | |  0.7
Necromancy     | |  0.7
Translocations | |  0.7
Fire Magic     | |  0.7
Ice Magic      | |  0.7
Air Magic      | |  0.7
Earth Magic    | |  0.7
Poison Magic   | |  5.4

Action                   || total
-------------------------++-------
Melee: Dagger            ||    58
       Unarmed           ||     1
       Bite              ||     3
 Cast: Sting             ||    53
Invok: Draw Destruction  ||     2
 Stab: Sleeping          ||     5
Armor: Robe              ||     7
Dodge: Dodged            ||    51
